[Event "Titled Tuesday Blitz November 08 Early 2022"]
[White "Jobava, Baadur"]
[Black "Pakleza, Zbigniew"]
[WhiteFideId "13601520"]
[BlackFideId "1119290"]
[WhiteElo "2582"]
[BlackElo "2411"]
[Result "0-1"]
[Round "05"]
[TimeControl "180+1"]
[Date "2022.11.08"]
[WhiteClock "0:00:12"]
[BlackClock "0:00:07"]

1. e4 d6 2. d4 Nf6 3. Nc3 c6 4. g3 b5 5. Bg2 b4 6. Nce2 e5 7. dxe5 dxe5 8. Qxd8+ Kxd8 9. f4 Nbd7 10. Nf3 Bc5 11. fxe5 Ng4 12. h3 Ngxe5 13. Bf4 f6 14. O-O-O Kc7 15. Ned4 Re8 16. h4 h5 17. Bh3 Kb6 18. Nb3 Nxf3 19. Bxd7 Rxe4 20. Nxc5 Kxc5 21. Bxc8 Rxc8 22. Rd7 Rce8 23. b3 Re1+ 24. Rxe1 Rxe1+ 25. Kb2 g5 26. hxg5 fxg5 27. Bb8 a5 28. Bc7 Nd4 29. Bxa5 Nb5 30. Rg7 Re5 31. Bd8 g4 32. Be7+ Kd5 33. Bf8 c5 34. Rb7 Nd4 35. Rd7+ Ke4 36. Bg7 Rd5 37. Rf7 Nf5 38. Bf8 Nxg3 39. Rc7 h4 40. Bxc5 Rxc5 41. Rxc5 h3 42. Rc4+ Kf3 43. Rxb4 h2 44. a4 h1=Q 45. a5 Qh8+ 46. c3 Qa8 47. Ra4 Ne4 48. a6 g3 49. a7 g2 50. Ra1 Kf2 0-1


[Site "https://www.chess.com"]

[Event "Titled Tuesday Blitz November 08 Early 2022"]
[White "Jumabayev, Rinat"]
[Black "Perez Gormaz, Matias"]
[WhiteFideId "13702661"]
[BlackFideId "3406342"]
[WhiteElo "2561"]
[BlackElo "2341"]
[Result "1-0"]
[Round "05"]
[TimeControl "180+1"]
[Date "2022.11.09"]
[WhiteClock "0:01:06"]
[BlackClock "0:00:03"]

1. d4 d5 2. c3 e6 3. Bf4 c5 4. e3 Nc6 5. Nd2 Nf6 6. Bd3 Qb6 7. Rb1 Be7 8. h3 O-O 9. Ngf3 Bd7 10. O-O Rac8 11. Qe2 Rfd8 12. dxc5 Qxc5 13. e4 dxe4 14. Nxe4 Nxe4 15. Qxe4 f5 16. Qe2 Bf6 17. Rfe1 Re8 18. Rbd1 Rcd8 19. Bc7 Rc8 20. Bf4 e5 21. Bg5 Be6 22. Bxf6 gxf6 23. Bb1 Kh8 24. Nh4 Ne7 25. Qh5 Rg8 26. Qh6 Rcf8 27. Rd2 Rf7 28. Red1 Qb6 29. Rd6 Qxb2 30. Rxe6 Qe2 31. Rf1 Qc4 32. Rxe7 Rxe7 33. Qxf6+ Reg7 1-0


[Site "https://www.chess.com"]

[Event "Titled Tuesday Blitz November 08 Early 2022"]
[White "Kaasen, Tor Fredrik"]
[Black "Deac, Bogdan-Daniel"]
[WhiteFideId "1516647"]
[BlackFideId "1226380"]
[WhiteElo "2345"]
[BlackElo "2648"]
[Result "0-1"]
[Round "05"]
[TimeControl "180+1"]
[Date "2022.11.08"]
[WhiteClock "0:00:06"]
[BlackClock "0:00:06"]

1. d4 Nf6 2. c4 e6 3. Nf3 d5 4. g3 dxc4 5. Bg2 Bd7 6. Ne5 Bc6 7. Nxc6 Nxc6 8. e3 Qd7 9. O-O Rd8 10. Qe2 e5 11. Nc3 Be7 12. Qxc4 exd4 13. exd4 Nxd4 14. Bg5 O-O 15. Rad1 b5 16. Qd3 c5 17. Bxf6 Bxf6 18. Nd5 a5 19. Rfe1 Qd6 20. Qd2 a4 21. h4 h5 22. Rc1 g6 23. Qe3 Bg7 24. Red1 Rfe8 25. Qd3 Ne2+ 26. Kh2 Nxc1 27. Rxc1 c4 28. Qd2 Qe5 29. Rc2 Qd4 30. Qxd4 Bxd4 31. Nc7 Re5 32. Rd2 Rc5 33. Na6 Rcc8 34. Bb7 Bg7 35. Re2 c3 36. bxc3 Rxc3 37. Bg2 Rcd3 38. Nb4 Rd2 39. Re4 Rxf2 40. Kg1 Rb2 41. Nc6 Rd1+ 42. Bf1 Rbb1 43. Ne7+ Kf8 44. Nxg6+ fxg6 45. Rf4+ Kg8 46. Kg2 Rxf1 47. Rxf1 Rxf1 48. Kxf1 b4 0-1


[Site "https://www.chess.com"]

[Event "Titled Tuesday Blitz November 08 Early 2022"]
[White "Kamsky, Gata"]
[Black "Nouri, Alekhine"]
[WhiteFideId "2000024"]
[BlackFideId "5216184"]
[WhiteElo "2666"]
[BlackElo "2151"]
[Result "1-0"]
[Round "05"]
[TimeControl "180+1"]
[Date "2022.11.08"]
[WhiteClock "0:00:20"]
[BlackClock "0:00:02"]

1. e4 c5 2. Nc3 Nc6 3. Bc4 d6 4. Nf3 Nf6 5. h3 a6 6. a3 e6 7. Ba2 Be7 8. O-O O-O 9. d3 b5 10. Ne2 Bb7 11. Ng3 Rc8 12. Re1 h6 13. Bf4 Nd7 14. c3 Nde5 15. Nxe5 dxe5 16. Be3 b4 17. a4 Na5 18. Nf1 Bc6 19. Qc2 b3 20. Bxb3 Nxb3 21. Qxb3 Qxd3 22. f3 Rb8 23. Qa2 Rfd8 24. Rac1 Rb7 25. b3 Qd6 26. Nd2 Qb8 27. Qc2 Bh4 28. Rf1 Be7 29. Rb1 Qc7 30. Nc4 Rdb8 31. Qa2 a5 32. Rfd1 f5 33. Qc2 Rf8 34. Kh1 g6 35. Bxh6 Rf7 36. Be3 Rh7 37. Bf2 Kf7 38. Kg1 Rb8 39. Bg3 Bf6 40. Rd6 f4 41. Bf2 Rhh8 42. Rbd1 Rhd8 43. Bxc5 Bxa4 44. Bb6 Rxb6 45. Rxb6 Qxc4 46. Rb7+ Be7 47. Rxd8 Qc5+ 48. Qf2 Qc6 49. Rxe7+ Kxe7 50. Qh4+ Kf7 51. Qh7+ Kf6 52. Rf8+ Kg5 53. h4# 1-0


[Site "https://www.chess.com"]

[Event "Titled Tuesday Blitz November 08 Early 2022"]
[White "Kim, Sergey"]
[Black "Luberanski, Jakub"]
[WhiteFideId "13700570"]
[BlackFideId "21830509"]
[WhiteElo "2617"]
[BlackElo "2109"]
[Result "0-1"]
[Round "05"]
[TimeControl "180+1"]
[Date "2022.11.09"]
[WhiteClock "0:00:08"]
[BlackClock "0:00:15"]

1. d4 Nf6 2. c4 g6 3. Nc3 Bg7 4. e4 d6 5. Nge2 O-O 6. Ng3 e5 7. d5 Nbd7 8. Be2 a5 9. O-O Nc5 10. Be3 h5 11. Bg5 Qe8 12. Qd2 Nh7 13. Be3 h4 14. Nh1 f5 15. exf5 gxf5 16. f4 Nf6 17. Nf2 Bd7 18. fxe5 Qxe5 19. Bd4 Nfe4 20. Bxe5 Nxd2 21. Bxg7 Kxg7 22. Rfd1 Nde4 23. Rac1 Rae8 24. Bf1 Nxf2 25. Kxf2 Ne4+ 26. Kg1 f4 27. Nxe4 Rxe4 28. Re1 Rfe8 29. Rxe4 Rxe4 30. Kf2 Kf6 31. b3 Ke5 32. Be2 Re3 33. Rd1 Bf5 34. Rd2 b6 35. Bf3 Bb1 36. g3 hxg3+ 37. hxg3 Be4 38. gxf4+ Kxf4 39. Bxe4 Kxe4 40. Rd1 a4 41. Rb1 Rc3 42. Rb2 Kd4 43. Ke2 axb3 44. axb3 b5 45. cxb5 Kxd5 46. Kd2 Rh3 47. Rb1 Kc5 48. Rc1+ Kb6 49. Rc6+ Kb7 50. Kc2 Rh5 51. Rc4 Rxb5 52. Rh4 Rg5 53. Kc3 Rg3+ 54. Kc4 Kc6 55. b4 Rf3 56. Rh5 Rf4+ 57. Kc3 Re4 58. Rg5 Re5 59. Rg4 Kb5 60. Kd3 Rh5 61. Kc3 Rh3+ 62. Kb2 c6 63. Rd4 d5 64. Kc2 Ra3 65. Kb2 Rg3 66. Kc2 Rh3 67. Kb2 Re3 68. Kc2 Re4 69. Rd1 Rxb4 70. Kc3 Kc5 71. Rh1 Rc4+ 72. Kd3 Rg4 73. Rh3 Rg2 74. Rf3 Ra2 75. Rf4 Ra3+ 76. Kc2 d4 77. Rf6 Kd5 78. Kb2 Rh3 79. Rf5+ Kc4 80. Rf4 c5 81. Kc1 Rh2 82. Kd1 Kc3 83. Rf5 c4 84. Rf3+ d3 85. Rf1 Rg2 86. Re1 Ra2 0-1


[Site "https://www.chess.com"]

[Event "Titled Tuesday Blitz November 08 Early 2022"]
[White "Kis, Lorand Bela"]
[Black "Miszler, Levente"]
[WhiteFideId "2024098"]
[BlackFideId "763276"]
[WhiteElo "2085"]
[BlackElo "2176"]
[Result "0-1"]
[Round "05"]
[TimeControl "180+1"]
[Date "2022.11.09"]
[WhiteClock "0:00:03"]
[BlackClock "0:01:30"]

1. Nf3 Nf6 2. g3 g6 3. Bg2 Bg7 4. O-O O-O 5. c4 c5 6. Nc3 Nc6 7. d3 d6 8. a3 a6 9. Rb1 Rb8 10. b4 cxb4 11. axb4 b5 12. cxb5 axb5 13. h3 Bb7 14. Nxb5 Nd5 15. e4 Ndxb4 16. Nfd4 Ba6 17. Nxc6 Nxc6 18. Na3 Rxb1 19. Nxb1 Nb4 20. d4 Bxf1 21. Bxf1 Qc7 22. Be3 Qc2 23. Qxc2 Nxc2 24. Nc3 Nxe3 25. fxe3 e6 26. Kf2 Rc8 27. Nb5 Bf8 28. Kf3 Rc2 29. Be2 h5 30. h4 Kg7 31. Na3 Ra2 32. Nb5 f5 33. exf5 gxf5 34. Nc3 Rc2 35. Nb5 e5 36. dxe5 dxe5 37. e4 fxe4+ 38. Ke3 Bc5+ 0-1


[Site "https://www.chess.com"]

[Event "Titled Tuesday Blitz November 08 Early 2022"]
[White "Kodinets, Konstantin L."]
[Black "Trifan, Andrei Ioan"]
[WhiteFideId "4122011"]
[BlackFideId "12967068"]
[WhiteElo "2447"]
[BlackElo "2208"]
[Result "0-1"]
[Round "05"]
[TimeControl "180+1"]
[Date "2022.11.09"]
[WhiteClock "0:00:42"]
[BlackClock "0:00:56"]

1. d4 Nf6 2. Nf3 g6 3. Bg5 Bg7 4. Nbd2 d6 5. e4 O-O 6. c3 Nbd7 7. Bc4 e5 8. dxe5 Nxe5 9. Nxe5 dxe5 10. O-O h6 11. Bh4 c6 12. a4 a5 13. Qc2 Qb6 14. Kh1 Re8 15. f3 Nh5 16. Bf2 Qc7 17. Qb3 Nf4 18. Rfd1 Be6 19. Bxe6 Nxe6 20. Nc4 Reb8 21. Bb6 Qe7 22. Qa3 Qg5 23. Rd7 Nf4 24. g3 Qh5 25. Rf1 Qh3 26. Rf2 Qxd7 27. gxf4 exf4 28. Kg2 Qe6 29. Nxa5 c5 30. b4 Qxb6 31. Nc4 cxb4 32. cxb4 Qc6 33. Na5 Qc3 34. Qa2 Qxb4 0-1


[Site "https://www.chess.com"]

[Event "Titled Tuesday Blitz November 08 Early 2022"]
[White "Kohler, Aran"]
[Black "Thiel, Thomas"]
[WhiteFideId "1002856"]
[BlackFideId "4615964"]
[WhiteElo "2341"]
[BlackElo "2214"]
[Result "1-0"]
[Round "05"]
[TimeControl "180+1"]
[Date "2022.11.09"]
[WhiteClock "0:01:58"]
[BlackClock "0:02:04"]

1. d4 Nf6 2. c3 g6 3. Bg5 Bg7 4. Nd2 O-O 5. e3 d5 6. Ngf3 Bf5 7. h4 Ne4 8. Nxe4 dxe4 9. Nd2 h6 10. Bf4 h5 11. Qc2 Nc6 12. Nxe4 e5 13. dxe5 Nxe5 14. Rd1 Qe7 15. Bxe5 Qxe5 16. Bd3 Rad8 17. Ng3 Bxd3 18. Rxd3 Qe4 19. Nxe4 1-0


[Site "https://www.chess.com"]

[Event "Titled Tuesday Blitz November 08 Early 2022"]
[White "Kopacz, Grzegorz"]
[Black "Raahul V S"]
[WhiteFideId "1109880"]
[BlackFideId "25035525"]
[WhiteElo "2037"]
[BlackElo "2233"]
[Result "0-1"]
[Round "05"]
[TimeControl "180+1"]
[Date "2022.11.09"]
[WhiteClock "0:00:29"]
[BlackClock "0:01:15"]

1. c4 f5 2. Nc3 Nf6 3. g3 e6 4. Bg2 d5 5. d4 c6 6. b3 Bd6 7. Nf3 O-O 8. O-O Nbd7 9. Bf4 Qe7 10. Bxd6 Qxd6 11. e3 Ne4 12. Qc2 b6 13. cxd5 exd5 14. Nxe4 fxe4 15. Ne5 Nxe5 16. dxe5 Qe6 17. Qc3 Bb7 18. f4 exf3 19. Rxf3 c5 20. Rxf8+ Rxf8 21. b4 cxb4 22. Qxb4 Qxe5 23. Qd4 Re8 24. Qxe5 Rxe5 25. Kf2 Kf7 26. Rc1 Re7 27. a3 Ke6 28. Ke1 Kd6 29. Kd2 Rf7 30. Rf1 Rxf1 31. Bxf1 Ke5 32. Bg2 Bc8 33. Kc3 Bf5 34. Kb4 Bd3 35. Bf3 d4 36. exd4+ Kxd4 37. Bc6 Ke3 38. Bb5 a5+ 39. Ka4 Bc2# 0-1


[Site "https://www.chess.com"]

[Event "Titled Tuesday Blitz November 08 Early 2022"]
[White "Koridze, Lile"]
[Black "Beerdsen, Thomas"]
[WhiteFideId "13612514"]
[BlackFideId "1030108"]
[WhiteElo "2050"]
[BlackElo "2567"]
[Result "0-1"]
[Round "05"]
[TimeControl "180+1"]
[Date "2022.11.09"]
[WhiteClock "0:00:01"]
[BlackClock "0:00:05"]

1. d4 h6 2. c4 g5 3. h4 gxh4 4. e4 c5 5. Nf3 cxd4 6. Qxd4 Nf6 7. e5 Nc6 8. Qc3 Ne4 9. Qc2 d5 10. exd6 Nxd6 11. Bf4 Bg7 12. Nc3 Qa5 13. Bd2 Bf5 14. Qb3 h3 15. gxh3 O-O-O 16. Nd5 Qc5 17. Be3 Nd4 18. Nxe7+ Kc7 19. Nxd4 Bxd4 20. Nd5+ Kb8 21. O-O-O Bxe3+ 22. fxe3 Rc8 23. Rd4 Be4 24. Nb4 Ka8 25. Rg1 Rhg8 26. Rxg8 Rxg8 27. Nd3 Qc7 28. c5 Rg1 29. Kd2 Nc8 30. Rxe4 Rxf1 31. Re8 Qd7 32. Qa4 Qxh3 33. Qe4 Qh2+ 34. Kc3 Qc7 35. Qe7 Qc6 36. Qd6 Qxd6 0-1


[Site "https://www.chess.com"]

[Event "Titled Tuesday Blitz November 08 Early 2022"]
[White "Kosakowski, Jakub"]
[Black "Bagwe Gaurang"]
[WhiteFideId "1185080"]
[BlackFideId "45039895"]
[WhiteElo "2463"]
[BlackElo "1847"]
[Result "1-0"]
[Round "05"]
[TimeControl "180+1"]
[Date "2022.11.09"]
[WhiteClock "0:00:13"]
[BlackClock "0:00:02"]

1. d4 d5 2. c4 c6 3. Nf3 Nf6 4. Nbd2 e6 5. g3 Be7 6. Bg2 O-O 7. O-O b6 8. Qc2 Bb7 9. e4 dxe4 10. Nxe4 Nbd7 11. Rd1 Rc8 12. Nxf6+ Nxf6 13. c5 Nd5 14. Ne5 f6 15. Nd3 Ba6 16. Nf4 Qd7 17. a3 Rfd8 18. b4 bxc5 19. Nxd5 cxd5 20. bxc5 e5 21. Be3 exd4 22. Bxd4 Bc4 23. Rac1 Qc7 24. Qf5 Qd7 25. Qxd7 Rxd7 26. Bh3 Rdc7 27. Bxc8 Rxc8 28. Rb1 a6 29. Rb7 Bxc5 30. Bxc5 Rxc5 31. Re1 Rc8 32. Ree7 d4 33. Rxg7+ Kf8 34. Rxh7 d3 35. Rh8+ Bg8 36. Rd7 Rc3 37. Kg2 Ke8 38. Ra7 Kf8 39. Ra8+ Kf7 40. Rhxg8 d2 41. Rgd8 Rc8 42. Raxc8 1-0


[Site "https://www.chess.com"]

[Event "Titled Tuesday Blitz November 08 Early 2022"]
[White "Kostiukov, Alexandr"]
[Black "Al-Tarboush, Ward"]
[WhiteFideId "14108100"]
[BlackFideId "7601450"]
[WhiteElo "2202"]
[BlackElo "2273"]
[Result "0-1"]
[Round "05"]
[TimeControl "180+1"]
[Date "2022.11.09"]
[WhiteClock "0:00:01"]
[BlackClock "0:00:38"]

1. g3 Nf6 2. Bg2 d5 3. d3 c6 4. e4 dxe4 5. dxe4 Qxd1+ 6. Kxd1 e5 7. f3 Bc5 8. Nd2 h5 9. h4 Be6 10. Bh3 Ke7 11. Bxe6 Kxe6 12. Nh3 Rd8 13. Ke2 Na6 14. c3 Be7 15. Ng5+ Kd7 16. Nxf7 Re8 17. Nxe5+ Kc7 18. Ndc4 b5 19. Na5 Bd6 20. Naxc6 Bxe5 21. Nxe5 Rxe5 22. Bf4 Re8 23. Rhd1 Nc5 24. Ke3 Ncd7 25. a4 Kb7 26. Bxe5 Nxe5 27. b3 Rc8 28. axb5 Nfd7 29. c4 Nc5 30. Rab1 Rf8 31. Rd5 Ncd7 32. f4 Ng4+ 33. Kf3 Ndf6 34. Rd4 Kc7 35. e5 Nd7 36. Ke4 Nc5+ 37. Kd5 Nb7 38. Ke4 Nc5+ 39. Kd5 Kb6 0-1


[Site "https://www.chess.com"]

[Event "Titled Tuesday Blitz November 08 Early 2022"]
[White "Kouskoutis, Georgios-Alexandros"]
[Black "Mazzilli, Piero"]
[WhiteFideId "4234049"]
[BlackFideId "807087"]
[WhiteElo "2187"]
[BlackElo "2280"]
[Result "1-0"]
[Round "05"]
[TimeControl "180+1"]
[Date "2022.11.09"]
[WhiteClock "0:00:01"]
[BlackClock "0:00:06"]

1. Nf3 d5 2. g3 c6 3. Bg2 Nf6 4. O-O Bg4 5. b3 Nbd7 6. Bb2 a5 7. c4 e6 8. d3 a4 9. Nbd2 Be7 10. Qc2 O-O 11. e4 dxe4 12. dxe4 Nc5 13. Ne5 Be2 14. Rfe1 Bd3 15. Qc1 Qb6 16. b4 Qxb4 17. Ba3 Qb6 18. Bxc5 Bxc5 19. Nxd3 Bd4 20. Rb1 Qc7 21. e5 Ng4 22. Re4 Nxe5 23. Rxd4 Rfd8 24. Rxd8+ Rxd8 25. Nxe5 Qxe5 26. Nf3 Qc7 27. Qc2 a3 28. Rd1 Ra8 29. h4 h6 30. c5 Qa5 31. Qc4 Qa7 32. Kh2 b5 33. cxb6 Qxb6 34. Qd4 Qa6 35. Ne5 Qe2 36. Rd2 Qe1 37. Be4 Ra5 38. Qd8# 1-0


[Site "https://www.chess.com"]

[Event "Titled Tuesday Blitz November 08 Early 2022"]
[White "Kowalczyk, Pawel"]
[Black "Khamdamova, Afruza"]
[WhiteFideId "1130641"]
[BlackFideId "14210444"]
[WhiteElo "2324"]
[BlackElo "2018"]
[Result "1-0"]
[Round "05"]
[TimeControl "180+1"]
[Date "2022.11.09"]
[WhiteClock "0:00:55"]
[BlackClock "0:00:05"]

1. e4 e5 2. Nf3 Nc6 3. d4 exd4 4. c3 dxc3 5. Bc4 Nf6 6. O-O d6 7. Nxc3 Be7 8. h3 O-O 9. Bf4 h6 10. Re1 Nd7 11. Qc2 Nde5 12. Nxe5 Nxe5 13. Be2 Be6 14. Rad1 Ng6 15. Bh2 Kh8 16. f4 f5 17. g4 Nxf4 18. Bxf4 fxg4 19. Qd2 gxh3 20. Bxh6 Bh4 21. Rf1 Qe8 22. Rxf8+ Qxf8 23. Bf4 Qf6 24. Kh2 Rf8 25. Rf1 Qg6 26. Rg1 Qf6 27. Bg4 Bxg4 28. Rxg4 g5 29. Bg3 Bxg3+ 30. Rxg3 Qf1 31. Rxh3+ Kg7 32. Qxg5+ Kf7 33. Rh7+ Ke8 34. Qe7# 1-0


[Site "https://www.chess.com"]

[Event "Titled Tuesday Blitz November 08 Early 2022"]
[White "Krysa, Leandro"]
[Black "Baches Garcia, Guillermo"]
[WhiteFideId "116807"]
[BlackFideId "2209764"]
[WhiteElo "2485"]
[BlackElo "2462"]
[Result "1/2-1/2"]
[Round "05"]
[TimeControl "180+1"]
[Date "2022.11.09"]
[WhiteClock "0:00:52"]
[BlackClock "0:00:13"]

1. e4 c5 2. Nf3 d6 3. d4 cxd4 4. Nxd4 Nf6 5. Nc3 Nc6 6. Bg5 e6 7. Qd2 h6 8. Bxf6 gxf6 9. O-O-O a6 10. f4 Bd7 11. Kb1 Qb6 12. Nf3 O-O-O 13. g3 Be7 14. f5 Kb8 15. Bh3 Ne5 16. Qd4 Qc7 17. Rhf1 Nxf3 18. Rxf3 Qc5 19. Qd2 h5 20. Rd3 h4 21. g4 Bc6 22. Rd4 Bf8 23. a3 Bh6 24. Qd3 Bf4 25. fxe6 fxe6 26. g5 fxg5 27. Bxe6 Bxh2 28. Rc4 Qb6 29. Rb4 Qc5 30. Rc4 Qb6 31. Rb4 Qc5 32. Rc4 1/2-1/2


[Site "https://www.chess.com"]

[Event "Titled Tuesday Blitz November 08 Early 2022"]
[White "Kuchava, Ana"]
[Black "Sovetbekova, Nurai"]
[WhiteFideId "13605348"]
[BlackFideId "13801910"]
[WhiteElo "2001"]
[BlackElo "1925"]
[Result "1-0"]
[Round "05"]
[TimeControl "180+1"]
[Date "2022.11.09"]
[WhiteClock "0:00:24"]
[BlackClock "0:00:05"]

1. d4 Nf6 2. c4 g6 3. Nc3 d5 4. Nf3 Bg7 5. Bg5 Ne4 6. Bf4 Nxc3 7. bxc3 O-O 8. e3 c5 9. cxd5 Qxd5 10. Be2 Nc6 11. O-O Rd8 12. Qa4 cxd4 13. cxd4 Bd7 14. Bc4 Nxd4 15. Bxd5 Bxa4 16. Bxf7+ Kxf7 17. Ng5+ Kg8 18. exd4 Bxd4 19. Rab1 Bc6 20. Ne6 Rd5 21. Nc7 Rdd8 22. Nxa8 Rxa8 23. Be3 Bf6 24. Rfd1 Kf7 25. f3 Rc8 26. Rd2 Bc3 27. Rc2 Bf6 28. Rbc1 a6 29. Kf2 Rd8 30. Rd2 Rc8 31. Rcd1 h5 32. Rd8 Bh4+ 33. g3 Rxd8 34. Rxd8 Bf6 35. Bc5 Ke6 36. Ke3 Bg5+ 37. f4 Bf6 38. Rg8 Kf7 39. Rb8 Ke6 40. Bd4 Bd5 41. Bxf6 exf6 42. a3 Bc6 43. Kd4 Kf7 44. Kc5 Be4 45. Kb6 g5 46. fxg5 fxg5 47. a4 Ke7 48. a5 Kd7 49. Rg8 h4 50. Rxg5 hxg3 51. hxg3 Bc6 52. Rg7+ Ke6 53. g4 Kf6 54. Rxb7 Bxb7 55. Kxb7 1-0


[Site "https://www.chess.com"]

[Event "Titled Tuesday Blitz November 08 Early 2022"]
[White "Kuznetsova, Olga"]
[Black "Dahlgren, James Allen"]
[WhiteFideId "4191323"]
[BlackFideId "22256873"]
[WhiteElo "2134"]
[BlackElo "2210"]
[Result "1-0"]
[Round "05"]
[TimeControl "180+1"]
[Date "2022.11.09"]
[WhiteClock "0:01:32"]
[BlackClock "0:01:21"]

1. d4 e6 2. g3 c5 3. Bg2 Nf6 4. Nf3 d5 5. O-O Nc6 6. c3 Bd6 7. dxc5 Bxc5 8. b4 Bb6 9. Bb2 O-O 10. e3 e5 11. b5 e4 12. bxc6 exf3 13. Bxf3 bxc6 14. c4 Ba6 15. Nd2 Rb8 16. Qc2 dxc4 17. Nxc4 Bxc4 18. Qxc4 Nd5 19. Rad1 Nxe3 20. fxe3 Bxe3+ 21. Kh1 Qg5 22. Bc1 Bxc1 23. Qxc1 Rb2 24. Qxg5 1-0


[Site "https://www.chess.com"]

[Event "Titled Tuesday Blitz November 08 Early 2022"]
[White "Lawson, Eric"]
[Black "Grandelius, Nils"]
[WhiteFideId "2604116"]
[BlackFideId "1710400"]
[WhiteElo "2515"]
[BlackElo "2617"]
[Result "0-1"]
[Round "05"]
[TimeControl "180+1"]
[Date "2022.11.09"]
[WhiteClock "0:00:49"]
[BlackClock "0:00:25"]

1. d4 f5 2. Bg5 g6 3. Nc3 Bg7 4. e4 fxe4 5. Nxe4 d5 6. Nc3 Nf6 7. Nf3 Bg4 8. Be2 Bxf3 9. Bxf3 c6 10. h4 Qb6 11. Na4 Qa5+ 12. c3 Nbd7 13. b4 Qc7 14. h5 Rg8 15. hxg6 hxg6 16. Rb1 e5 17. Nc5 Nxc5 18. bxc5 O-O-O 19. Qa4 Kb8 20. Rh4 Rde8 21. Kf1 Rh8 22. dxe5 Nd7 23. e6 Nxc5 24. Qa3 Nxe6 25. Rxh8 Rxh8 26. Be7 Rh1+ 27. Ke2 Qe5+ 28. Kd2 Qf4+ 29. Ke2 Qe5+ 30. Kd2 Bh6+ 31. Kd3 Qf5+ 32. Ke2 Qc2# 0-1


[Site "https://www.chess.com"]

[Event "Titled Tuesday Blitz November 08 Early 2022"]
[White "Le, Tuan Minh"]
[Black "Salinas Herrera, Pablo"]
[WhiteFideId "12401153"]
[BlackFideId "3407128"]
[WhiteElo "2530"]
[BlackElo "2557"]
[Result "0-1"]
[Round "05"]
[TimeControl "180+1"]
[Date "2022.11.08"]
[WhiteClock "0:00:05"]
[BlackClock "0:00:13"]

1. d4 g6 2. e4 Bg7 3. Nf3 d6 4. Bc4 Nf6 5. Nc3 O-O 6. O-O Nxe4 7. Nxe4 d5 8. Bd3 dxe4 9. Bxe4 Nd7 10. c3 c5 11. Bc2 Qc7 12. Re1 e6 13. Bg5 b6 14. Be4 Bb7 15. Qe2 Rac8 16. Rad1 Rfe8 17. Bf4 Qxf4 18. Bxb7 Rc7 19. Ba6 Nf6 20. g3 Qd6 21. Bb5 Rf8 22. dxc5 Qxc5 23. Ne5 Rfc8 24. c4 Qe7 25. Qf3 Ne8 26. Qf4 Rd8 27. Nc6 Rxc6 28. Bxc6 Bxb2 29. h4 Nd6 30. h5 Nf5 31. Be4 Nd4 32. Kg2 Ba3 33. hxg6 hxg6 34. Bxg6 Bb4 35. Bh7+ Kg7 36. Rh1 Qf6 37. Qg4+ Kf8 38. Be4 Bc5 39. Rh7 Ke7 40. Qh4 Rf8 41. Qxf6+ Kxf6 42. Rh4 Ke5 43. Bd3 f5 44. f4+ Kd6 45. Be2 Rg8 46. Bf3 Ke7 47. Rh7+ Kf6 48. Bh5 Rg7 49. Rxg7 Kxg7 50. g4 Kf6 51. g5+ Kg7 52. Bf3 Kg6 53. Bb7 e5 54. fxe5 Kxg5 55. Bd5 f4 56. e6 Kf6 57. Rh1 f3+ 58. Kg3 a5 59. Kg4 f2 60. Kg3 Nf5+ 61. Kf3 Ke5 62. Ke2 Ng3+ 63. Kf3 Nxh1 64. Kg2 f1=Q+ 65. Kxf1 Ng3+ 66. Kg2 Nf5 67. Kf3 Ne7 68. Bb7 Kxe6 69. Ke4 Kd6 70. Ba6 Nc6 71. Bb5 Nb4 72. a4 Nc2 73. Kd3 Nd4 74. Be8 Ke5 75. Bh5 Kf4 76. Be8 Ne6 77. Bd7 Ke5 78. Bc8 Nf4+ 79. Kc3 Ke4 80. Bb7+ Ke3 81. Bc6 Ne2+ 82. Kb2 Nd4 83. Kc3 Nxc6 0-1


[Site "https://www.chess.com"]

[Event "Titled Tuesday Blitz November 08 Early 2022"]
[White "Levitan, Caleb Levi"]
[Black "Firat, Burak"]
[WhiteFideId "14332620"]
[BlackFideId "6305881"]
[WhiteElo "1963"]
[BlackElo "2392"]
[Result "0-1"]
[Round "05"]
[TimeControl "180+1"]
[Date "2022.11.09"]
[WhiteClock "0:00:03"]
[BlackClock "0:01:26"]

1. e4 c5 2. Nf3 e6 3. d4 cxd4 4. Nxd4 a6 5. c4 Nf6 6. Nc3 Qc7 7. Qd3 h5 8. Be2 Ng4 9. Bxg4 hxg4 10. g3 d6 11. Be3 Nd7 12. O-O-O Ne5 13. Qc2 Qxc4 14. Bf4 Be7 15. Nb3 Bd7 16. Rd4 Qc7 17. Rhd1 Rd8 18. Bxe5 dxe5 19. R4d3 Rxh2 20. Kb1 Qb6 21. R3d2 Bc6 22. Rxd8+ Bxd8 23. Rd2 Bg5 24. Re2 Be7 25. Qd3 a5 26. a4 Qxb3 27. Re1 Rxf2 28. Rd1 Qxb2# 0-1


[Site "https://www.chess.com"]

[Event "Titled Tuesday Blitz November 08 Early 2022"]
[White "Liang, Awonder"]
[Black "Postny, Evgeny"]
[WhiteFideId "2056437"]
[BlackFideId "2804344"]
[WhiteElo "2508"]
[BlackElo "2476"]
[Result "1/2-1/2"]
[Round "05"]
[TimeControl "180+1"]
[Date "2022.11.08"]
[WhiteClock "0:00:14"]
[BlackClock "0:00:14"]

1. h4 d5 2. d4 Nf6 3. Bf4 c5 4. e3 Nc6 5. c3 e6 6. Nd2 Bd6 7. Bxd6 Qxd6 8. Ngf3 O-O 9. h5 h6 10. Bd3 e5 11. dxe5 Nxe5 12. Nxe5 Qxe5 13. Nf3 Qe7 14. Qc2 Bg4 15. O-O-O Bxh5 16. Rh4 Rfe8 17. Rdh1 Bxf3 18. gxf3 Rad8 19. Rg1 Kf8 20. Bb5 Qe5 21. Bxe8 Rxe8 22. Qa4 a6 23. Qf4 Qxf4 24. Rxf4 Re5 25. b4 c4 26. Rd4 g5 27. Kd2 Ke7 28. a4 Ke6 29. Ke2 h5 30. a5 g4 31. fxg4 hxg4 32. Rgxg4 Nxg4 33. Rxg4 Kd6 34. Rg7 Rf5 35. Rg8 Kc7 36. Rf8 b6 37. axb6+ Kxb6 38. f4 Kb5 39. Ra8 Rf6 40. Rd8 Rf5 41. Rc8 Ka4 42. e4 dxe4 43. Rxc4 Rxf4 44. Ke3 Rh4 45. Rc5 Kb3 46. Ra5 Kxc3 47. Rxa6 Kxb4 48. Rf6 Kc5 49. Rxf7 Kd5 50. Rf5+ Ke6 51. Ra5 Rh3+ 52. Kxe4 Rh4+ 53. Ke3 Rc4 54. Kf3 Rc6 55. Rh5 Rd6 56. Ke4 Rc6 57. Rh6+ Kd7 58. Rh7+ Kd6 59. Kd4 Ke6 60. Rh6+ Kd7 61. Rxc6 Kxc6 1/2-1/2


[Site "https://www.chess.com"]

[Event "Titled Tuesday Blitz November 08 Early 2022"]
[White "Liyanage, Ranindu Dilshan"]
[Black "Swiercz, Dariusz"]
[WhiteFideId "9915834"]
[BlackFideId "1126881"]
[WhiteElo "2210"]
[BlackElo "2627"]
[Result "1/2-1/2"]
[Round "05"]
[TimeControl "180+1"]
[Date "2022.11.08"]
[WhiteClock "0:00:08"]
[BlackClock "0:00:02"]

1. d4 Nf6 2. c4 g6 3. Nc3 d5 4. cxd5 Nxd5 5. e4 Nxc3 6. bxc3 Bg7 7. Be3 c5 8. Bc4 O-O 9. Ne2 Nc6 10. h4 cxd4 11. cxd4 Qa5+ 12. Kf1 Qa3 13. h5 Bg4 14. hxg6 hxg6 15. d5 Ne5 16. Bb3 Rac8 17. f3 Bd7 18. Qe1 Bf6 19. Bd4 Kg7 20. Qd2 Rh8 21. Kf2 Bb5 22. Kg3 Bxe2 23. Qxe2 g5 24. Qd2 Qd6 25. Kf2 b5 26. Rac1 Rxc1 27. Rxc1 a5 28. Bd1 b4 29. Be2 Rb8 30. g3 Ng6 31. Be3 Be5 32. Bd4 Qf6 33. Ke3 b3 34. Bxe5 Qxe5 35. axb3 Rxb3+ 36. Kf2 Rb2 37. Qc3 Qxc3 38. Rxc3 a4 39. Ra3 Rb4 40. Bd1 Ne5 41. Rxa4 Rb2+ 42. Ke3 Rb1 43. Be2 Rb3+ 44. Kf2 Kf6 45. f4 gxf4 46. gxf4 Ng6 47. Ra6+ Kg7 48. f5 Ne5 49. Ra7 Kf6 50. Ra6+ Kg5 51. Ra7 Kf6 52. Ra6+ Kg5 53. Ra7 Kf6 1/2-1/2


[Site "https://www.chess.com"]